 Dungeon Crawl Stone Soup version 0.29.1-1-gd02db6906a (webtiles) character file.

Game seed: 4610372332231792999

45 LustLizard the Trooper (level 3, -1/29 HPs)
             Began as a Human Fighter on Oct 3, 2022.
             Slain by a goblin
             ... wielding a +0 dagger
             ... led by Robin
              (3 damage)
             ... on level 2 of the Dungeon.
             The game lasted 00:02:27 (1201 turns).

LustLizard the Trooper (Human Fighter)              Turns: 1201, Time: 00:02:28

Health: -1/29      AC:  6    Str: 16    XL:     3   Next: 90%
Magic:  0/3        EV:  8    Int:  8    God:
Gold:   115        SH:  5    Dex: 14    Spells: 2/2 levels left

rFire   . . .      SeeInvis .   a - +0 long sword
rCold   . . .      Faith    .   c - +0 buckler
rNeg    . . .      Spirit   +   b - +0 scale mail
rPois   .          Reflect  .   k - +0 hat
rElec   .          Harm     .   (no cloak)
rCorr   .          Rampage  .   (no gloves)
Will    .....                   (no boots)
Stlth   ..........              g - amulet of guardian spirit
HPRegen 0.09/turn               (no ring)
MPRegen 0.08/turn               (no ring)

@: mighty
A: no striking features
a: no special abilities


You were on level 2 of the Dungeon.
You visited 1 branch of the dungeon, and saw 2 of its levels.

You collected 115 gold pieces.

Inventory:

Hand Weapons
 a - a +0 long sword (weapon)
Armour
 b - a +0 scale mail (worn)
 c - a +0 buckler (worn)
 k - a +0 hat (worn)
Jewellery
 g - an amulet of guardian spirit (around neck)
Wands
 e - a wand of light (5)
Scrolls
 h - a scroll of teleportation {unknown}
Potions
 f - a potion of degeneration
 i - a potion of mutation
 j - a potion of heal wounds {unknown}


   Skills:
 + Level 3.3 Fighting
 * Level 2.9 Long Blades
 + Level 3.3 Armour
 + Level 3.3 Shields


You had 2 spell levels left.
You didn't know any spells.
Your spell library contained the following spells:

 Spells                   Type           Power      Damage    Failure   Level
 Dazzling Flash           Conj/Hex       0%         N/A       99%         3
 Iskenderun's Mystic Bla  Conj/Tloc      0%         2d3       100%        4
 Starburst                Conj/Fire      0%         6d3       100%        6


Dungeon Overview and Level Annotations

Branches:
Dungeon (2/15)

Altars:

Annotations:
D:2 Robin


Message History

The goblin shouts!
You hit the hobgoblin but do no damage. Robin throws the goblin at you!
The goblin hits you but does no damage. The hobgoblin hits you.
You slash the hobgoblin!
You kill the hobgoblin!
You block the goblin's attack. Robin throws the goblin at you!
The goblin hits you with a +0 club.
A goblin comes into view. It is wielding a +0 club.
You slash the goblin!
You kill the goblin!
Robin throws the goblin at you! The goblin hits you with a +0 club.
A goblin comes into view. It is wielding a +0 dagger.
The goblin shouts!
You hit the goblin.
The goblin is severely wounded.
The goblin no longer looks unusually strong.
The goblin hits you with a +0 club.
* * * LOW HITPOINT WARNING * * *
Robin roars a battlecry!
The goblin goes into a battle-frenzy!
The goblin hits you with a +0 club.
* * * LOW HITPOINT WARNING * * *
You block the goblin's attack. The goblin hits you with a +0 club.
* * * LOW HITPOINT WARNING * * *
You feel very mighty all of a sudden.
The goblin no longer looks unusually strong.
The goblin barely misses you. The goblin hits you with a +0 club.
* * * LOW HITPOINT WARNING * * *
You slash the goblin!
You kill the goblin!
A hobgoblin comes into view.
Robin roars a battlecry!
The goblin goes into a battle-frenzy!
The goblin closely misses you.
You barely miss the goblin. The goblin completely misses you.
You slash the goblin!
You kill the goblin!
Robin throws the goblin at you! You block the goblin's attack.
The goblin hits you with a +0 dagger.
You die...

####################
###.g@gK.ggg..........
#.
###...##################
#.# ####...### #
#.#####....###
............#
...#.....####
..##)......#
.........#.#
...#.......#


You could see Robin, a hobgoblin (strong), 3 goblins and a kobold.

Vanquished Creatures
  2 dart slugs (D:1)
  2 bats (D:1)
  2 endoplasms (D:1)
  3 giant cockroaches (D:1)
  8 goblins
  5 hobgoblins
  3 jackals (D:1)
  3 kobolds
  2 quokkas (D:1)
  A ball python (D:1)
  2 frilled lizards (D:1)
  3 rats (D:1)
36 creatures vanquished.

Notes
Turn   | Place    | Note
-------+----------+-------------------------------------------
     0 | D:1      | LustLizard the Human Fighter began the quest for the Orb.
     0 | D:1      | Reached XP level 1. HP: 18/18 MP: 1/1
   329 | D:1      | Reached XP level 2. HP: 16/24 MP: 2/2
   621 | D:1      | Reached XP level 3. HP: 29/29 MP: 3/3
  1161 | D:2      | Noticed Robin
  1201 | D:2      | Slain by a goblin

Illustrated notes

Levels and vault maps discovered:
D:1:      matt_arrival_refuge, layout_basic
D:2:      kb_forest_paths, layout_basic, kennysheep_minor_cross,
          minmay_hexomino_c4, uniq_jessica, uniq_robin

Action                   || total
-------------------------++-------
Melee: Long sword        ||   111
  Use: Scroll            ||     2
       Potion            ||     1
Armor: Scale mail        ||    69
Dodge: Dodged            ||    48
Block: Buckler           ||    23
